 Dungeon Crawl Stone Soup version 0.22.0-1-g6561e4c (webtiles) character file.

10231 Gergoth the Grappler (level 11, -7/119 HPs)
             Began as a Troll Earth Elementalist on Aug 12, 2018.
             Was an Elder of Wu Jian.
             Mangled by a blink frog (8 damage)
             ... on level 2 of the Lair of Beasts.
             The game lasted 00:15:08 (6457 turns).

Gergoth the Grappler (Troll Earth Elementalist)     Turns: 6457, Time: 00:15:09

Health: -7/119     AC:  8    Str: 26    XL:     11   Next: 33%
Magic:  11/11      EV: 10    Int:  6    God:    Wu Jian [****..]
Gold:   396        SH:  0    Dex: 13    Spells: 11/12 levels left

rFire    . . .     SeeInvis .     - Unarmed
rCold    + . .     Gourm    +   (no shield)
rNeg     + + .     Faith    .   c - +0 robe
rPois    .         Spirit   .   (helmet restricted)
rElec    .         Reflect  .   s - +2 cloak
rCorr    .         Harm     .   (gloves unavailable)
MR       .....                  (boots unavailable)
Stlth    +++.......             (no amulet)
HPRegen  0.69/turn              p - ring "Faup" {rN++ Int-5 Dex+3 Stlth+}
MPRegen  0.12/turn              n - ring of protection from cold

@: mighty, lethally poisoned (-7 -> -18), exhausted
A: large, unfitting armour, claws 3, fast metabolism 3, gourmand, regeneration
1, shaggy fur 1, tough skin 2
a: Wall Jump, Serpent's Lash, Renounce Religion


You were on level 2 of the Lair of Beasts.
You worshipped Wu Jian.
Wu Jian was greatly pleased with you.
You were not hungry.

You visited 3 branches of the dungeon, and saw 12 of its levels.
You also visited: Sewer and Ossuary.

You collected 396 gold pieces.

Inventory:

Missiles
 b - 72 stones (quivered)
Armour
 c - a +0 robe (worn)
 s - a +2 cloak (worn)
 D - the +1 robe "Meolouq" {rPois rF+ Str+3, unknown}
   (You found it on level 2 of the Lair of Beasts)

   It affects your strength (+3).
   It protects you from fire.
   It protects you from poison.
Jewellery
 f - an uncursed ring of positive energy {unknown}
 n - a ring of protection from cold (right claw)
 p - the ring "Faup" (left claw) {rN++ Int-5 Dex+3 Stlth+}
   (You found it on level 5 of the Dungeon)

   [ring of dexterity]

   It affects your intelligence (-5).
   It affects your dexterity (+3).
   It greatly protects you from negative energy.
   It makes you more stealthy.
Wands
 t - a wand of digging (18)
 z - a wand of polymorph (10)
 B - a wand of clouds (1)
Scrolls
 j - 2 scrolls of amnesia
 m - a scroll of fear
 q - 2 scrolls of remove curse
 u - a scroll of enchant armour
 v - 3 scrolls of magic mapping {unknown}
 x - a scroll of enchant weapon {unknown}
 y - a scroll of fog {unknown}
 A - a scroll of random uselessness {unknown}
 C - a scroll of holy word {unknown}
Potions
 a - 2 potions of agility {unknown}
 e - 4 potions of heal wounds
 g - 2 potions of invisibility {unknown}
 h - 4 potions of brilliance
 i - 4 potions of might
 k - 7 potions of curing {unknown}
 l - 3 potions of flight {unknown}
 o - 2 potions of ambrosia {unknown}
 r - 2 potions of haste {unknown}
 w - 2 potions of cancellation {unknown}
Comestibles
 d - 8 rations


   Skills:
 + Level 10.6 Fighting
 - Level 1.5 Dodging
 - Level 1.0 Stealth
 + Level 12.3 Unarmed Combat
 - Level 1.2 Spellcasting
   Level 0.6 Transmutations
 - Level 2.6 Earth Magic


You had 11 spell levels left.
You knew the following spells:

 Your Spells              Type           Power        Failure   Level  Hunger
a - Sandblast             Erth           #.....       14%         1    ##.....

Your spell library contained the following spells:

 Spells                   Type           Power        Failure   Level  Hunger
 Apportation              Tloc           #.....       41%         1    ##.....
 Conjure Flame            Conj/Fire      #.......     80%         3    ####...
 Confuse                  Hex            #.......     80%         3    ####...
 Throw Frost              Conj/Ice       #.....       56%         2    ###....
 Summon Small Mammal      Summ           #...         41%         1    ##.....
 Animate Skeleton         Necr           N/A          41%         1    ##.....
 Tukima's Dance           Hex            #.......     80%         3    ####...
 Stone Arrow              Conj/Erth      #.....       61%         3    ####...
 Confusing Touch          Hex            #.....       41%         1    ##.....
 Passwall                 Tmut/Erth      #.......     34%         2    ###....
 Ensorcelled Hibernation  Hex/Ice        #.....       56%         2    ###....
 Corona                   Hex            #......      41%         1    ##.....
 Lee's Rapid Deconstruct  Erth           #.........   99%         5    ######.
 Portal Projectile        Hex/Tloc       #.....       80%         3    ####...
 Petrify                  Tmut/Erth      #.......     92%         4    #####..
 Orb of Destruction       Conj           #.........   100%        7    #######
 Dazzling Spray           Conj/Hex       #.....       80%         3    ####...
 Summon Mana Viper        Hex/Summ       #.......     100%        5    ######.


Dungeon Overview and Level Annotations

Branches:
Dungeon (9/15)             Temple (1/1) D:5            Lair (2/6) D:9
  Swamp: Lair:2-4    Shoals: Lair:2-4     Snake: Lair:2-4    Spider: Lair:2-4
    Orc: D:9-12

Altars:
Ashenzari
Cheibriados
Dithmenos
Elyvilon
Fedhas
Gozag
Hepliaklqana
Kikubaaqudgha
Nemelex Xobeh
Okawaru
Qazlal
Ru
Sif Muna
Trog
Uskayaw
Vehumet
Wu Jian
Xom
Yredelemnul


Innate Abilities, Weirdness & Mutations

You are too large for most types of armour.
You have claws for hands.
Your metabolism is lightning-fast.
You like to eat raw meat.
Your natural rate of healing is unusually fast.
You are covered in fur. (AC +1)
You have very tough skin. (AC +2)


Message History

* * * LOW HITPOINT WARNING * * *
The spiny frog misses you. The yak barely misses you. x2
You feel very mighty all of a sudden.
You feel sick. The spiny frog stings you.
* * * LOW HITPOINT WARNING * * *
You are lethally poisoned!
The spiny frog poisons you! The yak gores you.
* * * LOW HITPOINT WARNING * * *
The yak gores you but does no damage. The yak closely misses you.
You spin and attack the spiny frog.
You barely miss the spiny frog.
You spin and attack the yak.
The blink frog gives a loud, deep croak!
You eviscerate the yak!!!
The yak is almost dead.
You spin and attack the yak.
You scratch the yak.
The yak is heavily wounded.
* * * LOW HITPOINT WARNING * * *
You feel sick. The spiny frog barely misses you. The yak closely misses you.
The blink frog hits you!
You die...

..........#.....
........................
.................F......
#.....<....#........... .
#................F.......
....................#....P#.
#...................#.......
###....).........F..........
###.............@F...........
#.#.............YYY...#......
##...............†...........
##...........................
.....................##......
.....................(#......
...................†.........
.............................
#............................


You could see 3 yaks, a spiny frog (pinned) and 3 blink frogs.

Vanquished Creatures
  3 death yaks (D:9)
  2 two-headed ogres (D:8)
  2 black mambas
  3 spiny frogs (Lair:1)
  2 komodo dragons (Lair:1)
  A rime drake (Lair:1)
  4 hogs (D:7)
  Eustachio (D:6)
  2 yaks (Lair:2)
  A hungry ghost (D:7)
  A human (D:7)
  4 water moccasins
  5 porcupines
  An orc warrior (D:8)
  An ice beast (D:6)
  A sky beast (D:7)
  2 ogres (D:8)
  3 centaurs
  2 big kobolds (Sewer)
  3 crocodiles (Lair:1)
  7 bullfrogs
  A scorpion (D:5)
  A howler monkey (D:8)
  3 crimson imps
  A quasit (D:8)
  3 centaur zombies
  2 bullfrog skeletons (D:8)
  A centaur skeleton (D:6)
  A hound (D:6)
  3 orc wizards
  Crazy Yiuf (D:6)
  3 human zombies (Ossuary)
  A hell rat (D:9)
  A worker ant (D:5)
  A killer bee zombie (D:8)
  A big kobold zombie (Ossuary)
  3 hound zombies
  3 mummies (Ossuary)
  2 worker ant zombies (D:6)
  A gnoll (D:1)
  7 adders
  6 river rats
  2 shadow imps
  2 oozes
  7 adder zombies
  An adder skeleton (D:8)
  3 leopard geckos
  8 orcs
  5 giant cockroaches
  2 goblins
  2 hobgoblins
  12 jackals
  3 quokkas (D:9)
  4 ball pythons
  4 bats
  5 frilled lizards
  A gnoll zombie (Ossuary)
  4 goblin zombies (Ossuary)
  A hobgoblin zombie (Ossuary)
  4 jackal zombies
  18 kobolds
  A kobold zombie (Ossuary)
  3 quokka zombies (Ossuary)
  31 rats
  6 rat zombies (Ossuary)
226 creatures vanquished.

Notes
Turn   | Place    | Note
-------+----------+-------------------------------------------
     0 | D:1      | Gergoth the Troll Earth Elementalist began the quest for the Orb.
     0 | D:1      | Reached XP level 1. HP: 16/16 MP: 1/1
   197 | D:1      | Reached skill level 1 in Unarmed Combat
   248 | D:1      | Reached XP level 2. HP: 26/26 MP: 2/2
   431 | D:1      | Reached skill level 1 in Fighting
   666 | D:1      | Reached XP level 3. HP: 2/33 MP: 3/3
   868 | D:3      | Reached skill level 2 in Unarmed Combat
   905 | D:3      | Reached XP level 4. HP: 36/42 MP: 4/4
  1221 | D:5      | Entered Level 5 of the Dungeon
  1225 | D:5      | Noticed a centaur
  1234 | D:5      | Killed a centaur
  1234 | D:5      | Reached skill level 3 in Unarmed Combat
  1234 | D:5      | Reached XP level 5. HP: 39/52 MP: 5/5
  1297 | D:5      | Reached skill level 4 in Unarmed Combat
  1304 | D:5      | Identified the Tome of Plasticity
  1322 | D:5      | Found a staircase to the Ecumenical Temple.
  1329 | D:5      | Reached XP level 6. HP: 50/61 MP: 6/6
  1338 | D:5      | Got a fine bone ring
  1344 | Temple   | Entered the Ecumenical Temple
  1378 | Temple   | Became a worshipper of the Wu Jian Council
  1408 | D:5      | Identified the ring "Faup" {rN++ Int-5 Dex+3 Stlth+} (You found it on level 5 of the Dungeon)
  1572 | D:5      | Found a glowing drain.
  1583 | Sewer    | Entered a sewer
  1768 | Sewer    | Reached * piety under Wu Jian
  1939 | Sewer    | Reached skill level 5 in Unarmed Combat
  1939 | Sewer    | Reached XP level 7. HP: 39/70 MP: 7/7
  2557 | D:6      | Found a deep blue altar of Sif Muna.
  2616 | D:6      | Reached ** piety under Wu Jian
  2650 | D:6      | Found a runed door.
  2719 | D:6      | Noticed Crazy Yiuf
  2724 | D:6      | Killed Crazy Yiuf
  2791 | D:6      | Reached skill level 6 in Unarmed Combat
  2795 | D:6      | Reached skill level 5 in Fighting
  2818 | D:6      | Noticed Eustachio
  2841 | D:6      | Killed Eustachio
  2841 | D:6      | Reached XP level 8. HP: 68/80 MP: 8/8
  2862 | D:6      | Found a blossoming altar of Fedhas.
  3161 | D:7      | Reached skill level 7 in Unarmed Combat
  3466 | D:7      | Found a sand-covered staircase.
  3471 | Ossuary  | Entered an ossuary
  3686 | Ossuary  | Reached *** piety under Wu Jian
  3936 | D:7      | Reached skill level 8 in Unarmed Combat
  4014 | D:7      | Reached XP level 9. HP: 74/92 MP: 9/9
  4091 | D:8      | Noticed a two-headed ogre
  4097 | D:8      | Killed a two-headed ogre
  4097 | D:8      | Reached skill level 9 in Unarmed Combat
  4132 | D:8      | Found a basalt altar of Yredelemnul.
  4541 | D:8      | Noticed a two-headed ogre
  4557 | D:8      | Killed a two-headed ogre
  4557 | D:8      | Reached skill level 10 in Unarmed Combat
  4557 | D:8      | Reached XP level 10. HP: 47/106 MP: 10/10
  4758 | D:9      | Found a stormy altar of Qazlal.
  4828 | D:9      | Found a sparkling altar of Nemelex Xobeh.
  5082 | D:9      | Found a staircase to the Lair.
  5082 | D:9      | Noticed a death yak
  5082 | D:9      | Noticed a death yak
  5105 | D:9      | Killed a death yak
  5107 | D:9      | Noticed a death yak
  5117 | D:9      | Killed a death yak
  5117 | D:9      | Reached skill level 11 in Unarmed Combat
  5123 | D:9      | Killed a death yak
  5272 | Lair:1   | Entered Level 1 of the Lair of Beasts
  5375 | Lair:1   | Noticed a spiny frog
  5383 | Lair:1   | Noticed a spiny frog
  5390 | Lair:1   | Killed a spiny frog
  5396 | Lair:1   | Killed a spiny frog
  5396 | Lair:1   | Reached skill level 10 in Fighting
  5616 | Lair:1   | Reached XP level 11. HP: 95/117 MP: 11/11
  5769 | Lair:1   | Reached **** piety under Wu Jian
  5769 | Lair:1   | Reached skill level 12 in Unarmed Combat
  6404 | Lair:2   | Got a distressingly furry robe
  6456 | Lair:2   | HP: 2/119 [yak (6)]
  6457 | Lair:2   | Mangled by a blink frog

Skill      XL: |  1  2  3  4  5  6  7  8  9 10 11 |
---------------+----------------------------------+-----
Unarmed Combat | 1 2 3 4 5 6 8 10 11 12 | 12.3
Fighting       | 1 2 3 4 5 6 8 10 | 10.6
Dodging        | |  1.5
Stealth        | |  1.0
Spellcasting   | |  1.2
Transmutations | |  0.6
Earth Magic    | |  2.6

Action                   |  1- 3 |  4- 6 |  7- 9 | 10-12 || total
-------------------------+-------+-------+-------+-------++-------
Melee: Unarmed           |   110 |   182 |   375 |   151 ||   818
       Punch             |       |     1 |     7 |    10 ||    18
Invok: Lunge             |       |     7 |    22 |    28 ||    57
       Whirlwind         |       |       |    79 |    59 ||   138
       Wall Jump         |       |       |    11 |     4 ||    15
       Serpent's Lash    |       |       |       |     1 ||     1
  Use: Scroll            |       |     6 |     4 |     2 ||    12
       Potion            |       |       |       |     3 ||     3
 Stab: Sleeping          |       |     4 |    10 |     5 ||    19
  Eat: Chunk             |    13 |    11 |    24 |    13 ||    61
       Ration            |       |       |     1 |       ||     1
Armor: Robe              |    49 |    61 |   120 |    18 ||   248
Dodge: Dodged            |    91 |   114 |   187 |    46 ||   438
